 Dungeon Crawl Stone Soup version 0.31.0-4-g52a2dc7128 (webtiles) character file.

Game seed: 9177807536711682655

25 Arctor the Conjurer (level 2, -2/20 HPs)
             Began as a Demigod Conjurer on Jan 23, 2024.
             Slain by a ribbon worm (5 damage)
             ... on level 2 of the Dungeon.
             The game lasted 00:01:15 (773 turns).

Arctor the Conjurer (Demigod Conjurer)               Turns: 773, Time: 00:01:16

Health: -2/20      AC:  2    Str:  8    XL:     2   Next: 63%
Magic:  4/7        EV:  8    Int: 20    God:
Gold:   30         SH:  0    Dex: 12    Spells: 4/5 levels left

rFire   . . .        d - +0 dagger
rCold   . . .        (no shield)
rNeg    . . .        a - +0 robe
rPois   .            (no helmet)
rElec   .            (no cloak)
rCorr   .            (no gloves)
SInv    .            (no boots)
Will    .....        (no amulet)
Stlth   ++           c - +5 ring of evasion
HPRegen 0.23/turn    (no ring)
MPRegen 0.10/turn

%: no passive effects
@: held, constricted
A: high MP 1, forlorn, divine attributes
a: no special abilities


You were on level 2 of the Dungeon.
You visited 1 branch of the dungeon, and saw 2 of its levels.

You collected 30 gold pieces.

Inventory:

Hand Weapons
 d - a +0 dagger (weapon)
Armour
 a - a +0 robe (worn)
Jewellery
 c - a +5 ring of evasion (left hand)
Scrolls
 e - a scroll of identify {unknown}
 f - a scroll of teleportation {unknown}
Potions
 b - a potion of magic


   Skills:
 + Level 2.2 Dodging
 + Level 2.2 Stealth
 + Level 2.1 Spellcasting
 + Level 3.8 Conjurations


You had 4 spell levels left.
You knew the following spells:

 Your Spells              Type           Power      Damage    Failure   Level
a - Magic Dart            Conj           68%        1d6       3%          1

Your spell library contained the following spells:

 Spells                   Type           Power      Damage    Failure   Level
 Searing Ray              Conj           34%        2d5       4%          2
 Fulminant Prism          Conj/Alch      4%         3d5       56%         4
 Iskenderun's Mystic Bla  Conj/Tloc      9%         2d4       56%         4


Dungeon Overview and Level Annotations

Branches:
Dungeon (2/15)


Innate Abilities, Weirdness & Mutations

You have an increased reservoir of magic. (+10% MP)
You shall have no god before yourself.
Your divine heritage dramatically boosts your attributes as you level up.


Message History

Sorry, you're not good enough to have a special ability.
Unknown command.
Casting: Magic Dart (safe; 3% risk of failure)
Confirm with . or Enter, or press ? or * to list all spells.
Aiming: Magic Dart (safe; 3% risk of failure)
Press: ? - help, Shift-Dir - straight line, f - ribbon worm
Aim: a ribbon worm (moderately wounded, 100% to hit)
The magic dart hits the ribbon worm but does no damage.
The ribbon worm is moderately wounded.
The ball python closely misses you. The ball python constricts you.
The ribbon worm bites you!
* * * LOW HITPOINT WARNING * * *
Casting: Magic Dart (safe; 3% risk of failure)
Confirm with . or Enter, or press ? or * to list all spells.
Aiming: Magic Dart (safe; 3% risk of failure)
Press: ? - help, Shift-Dir - straight line, f/p - ribbon worm
Aim: a ribbon worm (moderately wounded, 100% to hit)
The magic dart hits the ribbon worm.
The ribbon worm is moderately wounded.
The ball python closely misses you. The ball python constricts you.
* * * LOW HITPOINT WARNING * * *
The ribbon worm expels a string of sticky webbing.
The stream of webbing hits you but does no damage.
You are caught in a web!
Casting: Magic Dart (safe; 3% risk of failure)
Confirm with . or Enter, or press ? or * to list all spells.
Aiming: Magic Dart (safe; 3% risk of failure)
Press: ? - help, Shift-Dir - straight line, f/p - ribbon worm
Aim: a ribbon worm (moderately wounded, catching its breath, 100% to hit)
The magic dart hits the ribbon worm.
The ribbon worm is heavily wounded.
The ball python bites you.
* * * LOW HITPOINT WARNING * * *
The ball python constricts you.
* * * LOW HITPOINT WARNING * * *
The ball python bites you but does no damage.
The ball python constricts you.
* * * LOW HITPOINT WARNING * * *
The ribbon worm bites you.
You die...

.# .# #. .# #.#.####
##.# # .. #.#.#....#
...# .# .. #.#.#....#
#..#$.### .. #.#.##...#
#........
..##.#.##...####@w...#
+#.............S.....#
...........#.........#
.#.#..†##.##?###.#...#
.................#...#
.#.#...##........#...#
.......##.##.##........
.#.##..##.##.##...?...#
.......##..#.# ..#.


You could see a ribbon worm (catching breath) and a ball python.

Vanquished Creatures
  2 endoplasms (D:1)
  A giant cockroach (D:1)
  2 goblins (D:1)
  3 hobgoblins (D:1)
  3 ball pythons
  4 bats
  2 frilled lizards (D:1)
  4 kobolds (D:1)
  4 rats (D:1)
25 creatures vanquished.

Notes
Turn   | Place    | Note
-------+----------+-------------------------------------------
     0 | D:1      | Arctor the Demigod Conjurer began the quest for the Orb.
     0 | D:1      | Reached XP level 1. HP: 14/14 MP: 5/5
   170 | D:1      | Reached XP level 2. HP: 20/20 MP: 2/7
   773 | D:2      | Slain by a ribbon worm

Illustrated notes

Levels and vault maps discovered:
D:1:      nicolae_arrival_washed_ashore, layout_rooms
D:2:      layout_basic, ebering_ecumenical_altar_abandoned

Skill      XL: |  1  2 |
---------------+-------+-----
Dodging        | 2 |  2.2
Stealth        | 2 |  2.2
Spellcasting   | 2 |  2.1
Conjurations   | |  3.8

Action                     || total
---------------------------++-------
  Melee: Dagger            ||    29
         Unarmed           ||     7
         Punch             ||     1
   Cast: Magic Dart        ||    33
 Armour: Robe              ||    23
  Dodge: Dodged            ||    44
